 Dungeon Crawl Stone Soup version 0.16-a0-3458-g6d2551d (webtiles) character file.

329 NewYearsCrawler the Chopper (level 6, -1/47 HPs)
             Began as a Formicid Fighter on Jan 1, 2015.
             Was an Initiate of Okawaru.
             Killed from afar by Dowan (15 damage)
             ... with a shard of ice
             ... on level 4 of the Dungeon.
             The game lasted 00:06:54 (2574 turns).

NewYearsCrawler the Chopper (Formicid Fighter)      Turns: 2574, Time: 00:06:54

Health: -1/47      AC:  8    Str: 22    XL:     6   Next: 80%
Magic:  8/8        EV:  8    Int:  8    God:    Okawaru [......]
Gold:   47         SH: 10    Dex: 10    Spells: 0 memorised, 5 levels left

rFire  . . .     SeeInvis +     a - +1 war axe
rCold  . . .     Clarity  .     b - +0 scale mail
rNeg   . . .     SustAb   .     c - +1 shield
rPois  .         Gourm    .     (helmet unavailable)
rElec  .         Spirit   .     h - +0 cloak
rCorr  .         Warding  .     (no gloves)
rMut   .         Stasis   +     (no boots)
MR     .....                    (no amulet)
Stlth  ..........               (no ring)
                                (no ring)

@: not resistant to hostile enchantments, extremely unstealthy
A: permanent stasis, dig shafts and tunnels, four strong arms, antennae 3
a: Dig, Shaft Self, Renounce Religion


You were on level 4 of the Dungeon.
You worshipped Okawaru.
Okawaru was noncommittal.
You were very hungry.

You visited 1 branch of the dungeon, and saw 4 of its levels.

You collected 47 gold pieces.

Inventory:

Hand weapons
 a - a +1 war axe (weapon)
Armour
 b - a +0 scale mail (worn)
 c - a +1 shield (worn)
 h - a +0 cloak (worn)
Scrolls
 i - a scroll of enchant armour
 k - a scroll of remove curse
 t - 3 scrolls of recharging
Potions
 e - a potion of heal wounds
 n - a potion of curing
 r - 2 potions of brilliance
Comestibles
 d - 3 bread rations
 g - 3 beef jerkies
 l - a meat ration
 s - 9 fruits


   Skills:
 - Level 3.2 Fighting
 * Level 6.7 Axes
 - Level 3.2 Armour
 - Level 3.6 Shields


You had 5 spell levels left.
You didn't know any spells.

Dungeon Overview and Level Annotations

Branches:
Dungeon (4/15)
 Temple: D:4-7

Altars:
Kikubaaqudgha
Okawaru
Vehumet

Annotations:
D:4 Dowan


Innate Abilities, Weirdness & Mutations

You are under a permanent stasis effect.
You can dig through walls and to a lower floor.
Your four strong arms can wield two-handed weapons with a shield.
You have a pair of large antennae on your head (SInv).


Message History

You block the shard of ice.
You slash Dowan!
Dowan is heavily wounded.
Dowan gestures at you while chanting. The stone arrow hits you!
* * * LOW HITPOINT WARNING * * *
Dowan hits you but does no damage.
You barely miss Dowan.
Dowan is heavily wounded.
Dowan hits you but does no damage.
Dowan points at you and mumbles some strange words.
You block the shard of ice.
You completely miss Dowan.
Dowan is heavily wounded.
You block Dowan's attack. Dowan hits you but does no damage.
Drink which item? (? for menu, Esc to quit)
You feel better. Dowan casts a spell at you. The shard of ice hits you!
You die...

#.#####.#.#.#
#.†.......#.#
#######.#†#.#
#.....#
###.### #.#
#.### #.#.##
#..#@# #.#e##
#.###
##.#######...
#...)....§...
##.##.####.#.
### .# .# .#


You could see Dowan.

Vanquished Creatures
  Sigmund (D:2)
  Duvessa (D:4)
  Crazy Yiuf (D:3)
  2 worker ants (D:4)
  4 adders
  A worm (D:3)
  A giant gecko (D:3)
  An ooze (D:2)
  6 orcs (D:3)
  4 giant cockroaches
  7 goblins
  9 hobgoblins
  10 kobolds
  A ball python (D:2)
  5 bats
  2 giant newts
  A quokka (D:2)
  10 rats
67 creatures vanquished.

Notes
Turn   | Place    | Note
--------------------------------------------------------------
     0 | D:1      | NewYearsCrawler, the Formicid Fighter, began the quest for the Orb.
     0 | D:1      | Reached XP level 1. HP: 18/18 MP: 1/1
   169 | D:1      | Reached XP level 2. HP: 24/24 MP: 3/3
   496 | D:1      | Reached XP level 3. HP: 22/29 MP: 4/4
   870 | D:2      | Found a radiant altar of Vehumet.
   872 | D:2      | Noticed Sigmund
   884 | D:2      | Killed Sigmund
   884 | D:2      | Reached skill level 4 in Axes
   884 | D:2      | Reached XP level 4. HP: 12/35 MP: 5/5
   884 | D:2      | Reached XP level 5. HP: 14/41 MP: 7/7
  1070 | D:2      | Reached skill level 5 in Axes
  1094 | D:2      | Found an iron altar of Okawaru.
  1104 | D:2      | Became a worshipper of Warmaster Okawaru
  1146 | D:2      | Found an ancient bone altar of Kikubaaqudgha.
  1924 | D:3      | Noticed Crazy Yiuf
  2181 | D:3      | Killed Crazy Yiuf
  2181 | D:3      | Reached XP level 6. HP: 40/47 MP: 8/8
  2501 | D:4      | Reached skill level 6 in Axes
  2531 | D:4      | Noticed Duvessa
  2555 | D:4      | Killed Duvessa
  2556 | D:4      | Noticed Dowan
  2574 | D:4      | Killed from afar by Dowan

Action                   |  1- 3 |  4- 6 || total
-------------------------+-------+-------++-------
Melee: War axe           |    90 |   150 ||   240
 Abil: Dig               |       |     1 ||     1
  Use: Potion            |     3 |     9 ||    12
       Scroll            |       |     9 ||     9
 Stab: Invisible         |     1 |       ||     1
  Eat: Chunk             |       |     5 ||     5
